 Dungeon Crawl Stone Soup version 0.21.1-1-g345015f (webtiles) character file.

174 Kairos the Charmwright (level 5, 0/40 HPs)
             Began as a Merfolk Skald on Mar 25, 2018.
             Slain by NorthaanB's ghost (7 damage)
             ... on level 4 of the Dungeon.
             The game lasted 00:05:38 (3096 turns).

Kairos the Charmwright (Merfolk Skald)              Turns: 3096, Time: 00:05:39

Health: 0/40       AC:  8    Str: 12    XL:     5   Next: 54%
Magic:  2/8        EV: 12    Int: 12    God:
Gold:   116        SH:  0    Dex: 14    Spells: 7/8 levels left

rFire    . . .     SeeInvis .   r - +0 quarterstaff
rCold    . . .     Gourm    .   (shield currently unavailable)
rNeg     . . .     Faith    .   g - +0 ring mail (curse)
rPois    .         Spirit   .   (no helmet)
rElec    .         Reflect  .   m - +2 cloak
rCorr    .         Harm     .   (no gloves)
MR       .....                  (no boots)
Stlth    +.........             (no amulet)
HPRegen  0.13/turn              (no ring)
MPRegen  0.11/turn              (no ring)

@: infused
A: change form in water, swift swim, stealthy swim
a: no special abilities


You were on level 4 of the Dungeon.
You were not hungry.

You visited 1 branch of the dungeon, and saw 4 of its levels.

You collected 116 gold pieces.

Inventory:

Hand Weapons
 a - a +0 spear
 e - a +1 mace of protection
 n - a +0 trident
 r - a +0 quarterstaff (weapon)
Armour
 b - a +0 leather armour
 g - a cursed +0 ring mail (worn)
 m - a +2 cloak (worn)
Jewellery
 t - an uncursed ring of protection from magic {unknown}
 v - an uncursed ring of flight {unknown}
 w - an uncursed amulet of faith {unknown}
Scrolls
 h - a scroll of random uselessness {unknown}
 i - 3 scrolls of identify {unknown}
 k - 2 scrolls of remove curse {unknown}
 l - a scroll of amnesia {unknown}
 o - a scroll of blinking {unknown}
 s - 2 scrolls of fear {unknown}
Potions
 f - a potion of curing {unknown}
 j - 4 potions of degeneration {unknown}
 p - a potion of heal wounds {unknown}
 q - 2 potions of haste {unknown}
 u - a potion of lignification {unknown}
Books
 c - a book of Battle

   Spells                             Type                      Level
   a - Infusion                       Charms                       1
   b - Shroud of Golubria             Charms/Translocation         2
   c - Song of Slaying                Charms                       2
   d - Spectral Weapon                Hexes/Charms                 3
   e - Regeneration                   Charms/Necromancy            3
Comestibles
 d - 5 rations


   Skills:
 + Level 2.8 Fighting
 + Level 2.6(2.7) Maces & Flails
 + Level 3.0 Polearms
 + Level 1.5 Armour
 + Level 3.2 Dodging
 + Level 1.1 Stealth
 + Level 2.1 Spellcasting
 + Level 3.7 Charms


You had 7 spell levels left.
You knew the following spells:

 Your Spells              Type           Power        Failure   Level  Hunger
a - Infusion              Chrm           ##..         13%         1    ##.....


Dungeon Overview and Level Annotations

Branches:
Dungeon (4/15)
 Temple: D:4-7

Altars:
Cheibriados
Fedhas
Gozag
Ru
Trog

Annotations:
D:4 NorthaanB's ghost, novice OpTm


Message History

NorthaanB's ghost barely misses you.
You closely miss NorthaanB's ghost.
NorthaanB's ghost is severely damaged.
NorthaanB's ghost hits you!
* * * LOW HITPOINT WARNING * * *
NorthaanB's ghost hits you but does no damage.
You barely miss NorthaanB's ghost.
NorthaanB's ghost is severely damaged.
NorthaanB's ghost closely misses you.
You hit NorthaanB's ghost.
NorthaanB's ghost is severely damaged.
NorthaanB's ghost closely misses you.
You closely miss NorthaanB's ghost.
NorthaanB's ghost is severely damaged.
NorthaanB's ghost hits you.
* * * LOW HITPOINT WARNING * * *
You closely miss NorthaanB's ghost.
NorthaanB's ghost is severely damaged.
NorthaanB's ghost hits you!
You die...

#........ .........##
#........ ..........#
#........ ..........#
#........ ...........#
#........ ...........#
##....... ...........#
#.....<. .........W..#
#....... .........@..#
#....... ............#
#....... .........†..#
#.###...
....>....##########..#####
#........#8..#........##
#........#_............###
#........#8..#............
#######..#######..........
#.## #...........


You could see NorthaanB's ghost.

Vanquished Creatures
  An orc wizard (D:3)
  A worker ant (D:4)
  3 adders
  An ooze (D:4)
  4 worms
  2 dart slugs
  3 leopard geckos
  4 orcs (D:3)
  4 giant cockroaches
  9 hobgoblins
  3 jackals (D:3)
  3 quokkas
  10 bats
  3 frilled lizards
  6 goblins
  9 kobolds
  10 rats
76 creatures vanquished.

Notes
Turn   | Place    | Note
-------+----------+-------------------------------------------
     0 | D:1      | Kairos the Merfolk Skald began the quest for the Orb.
     0 | D:1      | Reached XP level 1. HP: 16/16 MP: 3/3
   336 | D:1      | Reached XP level 2. HP: 21/23 MP: 5/5
  1001 | D:1      | Reached XP level 3. HP: 24/28 MP: 6/6
  1071 | D:2      | Reached skill level 1 in Armour
  1392 | D:2      | Reached skill level 1 in Maces & Flails
  1549 | D:2      | Found a blossoming altar of Fedhas.
  1549 | D:2      | Found a bloodstained altar of Trog.
  1552 | D:2      | Reached XP level 4. HP: 34/34 MP: 7/7
  1814 | D:3      | Found a sacrificial altar of Ru.
  1882 | D:3      | Found a snail-covered altar of Cheibriados.
  1988 | D:3      | Reached skill level 1 in Stealth
  2023 | D:3      | Reached XP level 5. HP: 27/39 MP: 8/8
  2938 | D:4      | Found an opulent altar of Gozag.
  3079 | D:4      | Noticed NorthaanB's ghost (novice OpTm)
  3096 | D:4      | Slain by NorthaanB's ghost

Skill      XL: |  1  2  3  4 |
---------------+-------------+-----
Armour         | 1 |  1.5
Maces & Flails | 1 2 |  2.6
Dodging        | 3 |  3.2
Stealth        | 1 |  1.1
Fighting       | |  2.8
Polearms       | |  3.0
Spellcasting   | |  2.1
Charms         | |  3.7

Action                   |  1- 3 |  4- 6 || total
-------------------------+-------+-------++-------
Melee: Mace              |   121 |   140 ||   261
       Quarterstaff      |       |    29 ||    29
 Cast: Infusion          |       |     1 ||     1
 Stab: Sleeping          |     1 |       ||     1
  Eat: Chunk             |     2 |     2 ||     4
       Ration            |       |     1 ||     1
Armor: Leather armour    |     8 |       ||     8
       Ring mail         |    58 |    94 ||   152
Dodge: Dodged            |    78 |   116 ||   194
